 Dungeon Crawl Stone Soup version 0.16.1-12-gf5c4a84 (webtiles) character file.

177 Magnus the Skirmisher (level 5, -1/42 HPs)
             Began as a Mummy Wanderer on Apr 8, 2015.
             Slain by a killer bee (4 damage)
             ... on level 4 of the Dungeon.
             The game lasted 00:11:27 (3445 turns).

Magnus the Skirmisher (Mummy Wanderer)              Turns: 3445, Time: 00:11:27

Health: -1/42      AC: 10    Str: 15    XL:     5   Next: 30%
Magic:  5/5        EV:  9    Int: 11    God:
Gold:   204        SH:  0    Dex: 12    Spells: 0 memorised, 4 levels left

rFire  x . .     SeeInvis .     c - +1 mace
rCold  + . .     Clarity  .     a - +2 scale mail
rNeg   + + +     SustAb   .     (no shield)
rPois  ∞         Gourm    .     (no helmet)
rElec  .         Spirit   .     (no cloak)
rCorr  .         Warding  .     k - +0 pair of gloves
rMut   .         Stasis   .     j - +0 pair of boots
MR     .....                    (no amulet)
Stlth  ..........               (no ring)
                                (no ring)

@: not resistant to hostile enchantments, extremely unstealthy
A: no food or potions, fire vulnerability, restore body, cold resistance 1,
negative energy resistance 3, poison resistance, torment resistance, unbreathing
a: no special abilities


You were on level 4 of the Dungeon.
You were not hungry.

You visited 1 branch of the dungeon, and saw 4 of its levels.

You collected 204 gold pieces.

Inventory:

Hand weapons
 c - a +1 mace (weapon)
Missiles
 b - 42 stones (quivered)
Armour
 a - a +2 scale mail (worn)
 j - a +0 pair of boots (worn)
 k - a +0 pair of gloves (worn)
Scrolls
 d - 2 scrolls of identify
 e - a scroll of enchant weapon


   Skills:
 + Level 4.0 Fighting
 + Level 3.5 Maces & Flails
 - Level 1.0 Throwing
 - Level 1.5 Armour
 - Level 1.5 Dodging
   Level 1.0 Shields


You had 4 spell levels left.
You didn't know any spells.

Dungeon Overview and Level Annotations

Branches:
Dungeon (4/15)
 Temple: D:4-7

Altars:
The Shining One

Shops:
D:4 :


Innate Abilities, Weirdness & Mutations

You do not eat or drink.
Your flesh is vulnerable to fire.
Your flesh is cold resistant.
You are immune to negative energy.
Your system is resistant to poisons.
You are immune to unholy pain and torment.
You can survive without breathing.


Message History

The killer bee closely misses you.
You closely miss the killer bee.
The killer bee is heavily wounded.
The killer bee stings you but does no damage.
The killer bee stings you.
* * * LOW HITPOINT WARNING * * *
You hit the killer bee but do no damage.
The killer bee is heavily wounded.
The killer bee stings you but does no damage.
The killer bee barely misses you.
The killer bee stings you but does no damage.
You closely miss the killer bee.
The killer bee is moderately wounded.
The killer bee misses you. The killer bee barely misses you.
You miss the killer bee.
The killer bee is moderately wounded.
The killer bee stings you.
* * * LOW HITPOINT WARNING * * *
The killer bee stings you.
You die...

#######################
#.....@yyyyyy..........
#.#####################
#.# #.. #.# #.# #.# #.#
#.# #.#
#.###################.#
#.....................#
#######################


You could see 6 killer bees.

Vanquished Creatures
  An orc wizard (D:3)
  5 adders (D:2)
  2 giant mites
  4 worms
  An ooze (D:2)
  2 orcs (D:3)
  6 giant cockroaches
  4 goblins
  9 hobgoblins
  4 jackals
  8 kobolds
  A ball python (D:3)
  10 bats
  8 giant newts
  11 rats
76 creatures vanquished.

Notes
Turn   | Place    | Note
--------------------------------------------------------------
     0 | D:1      | Magnus, the Mummy Wanderer, began the quest for the Orb.
     0 | D:1      | Magnus set off with: a +2 scale mail, a +0 falchion, a +0 mace
     0 | D:1      | Reached XP level 1. HP: 16/16 MP: 1/1
   154 | D:1      | Reached XP level 2. HP: 21/23 MP: 2/2
   815 | D:2      | Reached XP level 3. HP: 14/28 MP: 3/3
  1275 | D:2      | Reached skill level 3 in Fighting
  1282 | D:2      | Reached XP level 4. HP: 28/35 MP: 4/4
  2707 | D:3      | Reached XP level 5. HP: 34/42 MP: 5/5
  3034 | D:3      | Reached skill level 4 in Fighting
  3091 | D:3      | Found a glowing golden altar of the Shining One.
  3319 | D:4      | Noticed an ogre
  3355 | D:4      | Found Qotaopt's Book Boutique.
  3445 | D:4      | Slain by a killer bee

Action                   |  1- 3 |  4- 6 || total
-------------------------+-------+-------++-------
Melee: Mace              |   116 |   203 ||   319
       Falchion          |     2 |       ||     2
Throw: Stone             |     5 |       ||     5
  Use: Scroll            |       |     6 ||     6
